 Dungeon Crawl Stone Soup version 0.18-a0-1745-gffa9a88 (webtiles) character file.

6783 MrRokkomies the Grappler (level 11, -7/99 HPs)
             Began as a Ghoul Monk on Apr 12, 2016.
             Was the Champion of Jiyva.
             Mangled by a swamp worm (10 damage)
             ... on level 2 of the Lair of Beasts.
             The game lasted 00:21:19 (9129 turns).

MrRokkomies the Grappler (Ghoul Monk)               Turns: 9129, Time: 00:21:20

Health: -7/99      AC: 24    Str: 22    XL:     11   Next: 5%
Magic:  27/28      EV:  7    Int:  8    God:    Jiyva [******]
Gold:   569        SH:  0    Dex: 10    Spells: 1 memorised, 9 levels left

rFire  . . .     SeeInvis .       - Unarmed
rCold  + + +     Gourm    .     k - +9 plate armour "Satwu" {rC++ MR- MP+9}
rNeg   + + +     Faith    .     (no shield)
rPois  ∞         Spirit   .     q - +0 hat
rElec  .         Dismiss  .     g - +0 cloak
rCorr  +         Reflect  .     (no gloves)
SustAt .         Harm     .     (no boots)
MR     .....                    (no amulet)
Stlth  ..........               f - ring of protection from magic
                                i - ring of magical power

@: mighty, flying, very slightly contaminated, rotting, hasted, very quick, not
resistant to hostile enchantments, extremely unstealthy
A: rotting body, claws 1, carnivore 3, cold resistance 1, negative energy
resistance 3, slow regeneration 1, torment resistance, unbreathing
a: Request Jelly, Jelly Paralyse, Slimify, Cure Bad Mutation, Renounce Religion


You were on level 2 of the Lair of Beasts.
You worshipped Jiyva.
Jiyva was exalted by your worship.
You were not hungry.

You visited 2 branches of the dungeon, and saw 12 of its levels.

You collected 569 gold pieces.

Inventory:

Missiles
 a - 54 poisoned needles
 d - a javelin (quivered)
Armour
 g - a +0 cloak (worn)
 k - the +9 plate armour "Satwu" (worn) {rC++ MR- MP+9}
   (You found it on level 6 of the Dungeon)

   It greatly protects you from cold.
   It affects your resistance to hostile enchantments.
   It affects your magic capacity (+9).
 q - a +0 hat (worn)
 B - the +3 hat of Pondering {ponderous, MR+ MP+10 Int+5}
   (You found it on level 1 of the Lair of Beasts)

   It affects your intelligence (+5).
   It affects your resistance to hostile enchantments.
   It affects your magic capacity (+10).
Jewellery
 f - a ring of protection from magic (right claw)
 i - a ring of magical power (left claw)
 y - an uncursed ring of protection from cold {unknown}
Wands
 v - a wand of iceblast (8/15)
 w - a wand of slowing (26/48)
Scrolls
 h - 2 scrolls of enchant weapon
 s - a scroll of amnesia
 u - a scroll of remove curse
 z - a scroll of fog
 D - a scroll of enchant armour
 E - a scroll of recharging
Potions
 j - a potion of agility
 l - a potion of ambrosia
 m - 3 potions of flight
 x - a potion of mutation {unknown}
Books
 t - a book of Minor Magic

   Spells                             Type                      Level
   a - Magic Dart                     Conjuration                  1
   b - Blink                          Translocation                2
   c - Call Imp                       Summoning                    2
   d - Repel Missiles                 Charms/Air                   2
   e - Slow                           Hexes                        2
   f - Conjure Flame                  Conjuration/Fire             3
   g - Mephitic Cloud                 Conjuration/Poison/Air       3
 A - a book of Conjurations

   Spells                             Type                      Level
   a - Magic Dart                     Conjuration                  1
   b - Searing Ray                    Conjuration                  2
   c - Dazzling Spray                 Conjuration/Hexes            3
   d - Fulminant Prism                Conjuration/Hexes            4
   e - Iskenderun's Mystic Blast      Conjuration                  4
   f - Iskenderun's Battlesphere      Conjuration/Charms           5
 C - a book of Alchemy

   Spells                             Type                      Level
   a - Sublimation of Blood           Necromancy                   2
   b - Ignite Poison                  Fire/Transmutation/Poison    3
   c - Petrify                        Transmutation/Earth          4
   d - Alistair's Intoxication        Transmutation/Poison         5
   e - Irradiate                      Conjuration/Transmutation    5
Miscellaneous
 o - a stone of tremors
Comestibles
 b - 5 meat rations
 c - 5 beef jerkies
 r - a royal jelly
 F - 3 chunks of flesh


   Skills:
 - Level 10.0 Fighting
 * Level 9.1 Armour
 - Level 2.6 Dodging
 - Level 2.1 Stealth
 * Level 11.6 Unarmed Combat


You had 9 spell levels left.
You knew the following spells:

 Your Spells              Type           Power        Failure   Level  Hunger
a - Magic Dart            Conj           #...         100%        1    ##.....


Dungeon Overview and Level Annotations

Branches:
Dungeon (10/15)            Temple (0/1) D:4            Lair (2/8) D:9
    Orc (0/2) D:9

Altars:
Ashenzari
Fedhas
Gozag
Makhleb
Pakellas
Trog
Yredelemnul
The Shining One
Jiyva


Innate Abilities, Weirdness & Mutations

Your body is rotting away.
You thrive on raw meat.
You are immune to poison.
You have sharp fingernails.
You are carnivorous and can eat meat at any time.
Your flesh is cold resistant.
You are immune to negative energy.
You regenerate slowly when monsters are visible.
You are immune to unholy pain and torment.
You can survive without breathing.


Message History

* * * LOW HITPOINT WARNING * * *
The swamp worm bites you.
* * * LOW HITPOINT WARNING * * *
The swamp worm quivers uncontrollably and liquefies into a slime creature!
The swamp worm bites the slime creature!
You hear a splashing noise.
The worm barely misses the slime creature.
Your plate armour "Satwu" prevents you from hitting the worm.
The swamp worm bites you.
* * * LOW HITPOINT WARNING * * *
The worm bites you.
* * * LOW HITPOINT WARNING * * *
The swamp worm bites the slime creature!!
You mangle the worm!!
You kill the worm!
The slime creature hits the swamp worm.
You claw the worm! x2
You kill the worm!
The swamp worm bites you!
You die...

#..# #..........
#..########.......... #.
##..#≈≈J##≈#.......... #..
##...#≈≈≈≈≈≈≈..........
#..##†..≈≈≈≈≈≈≈≈≈≈≈.......
.#..#.#.≈≈≈#######≈≈≈..#P
........≈≈##≈≈≈≈≈#P≈≈..#
........≈≈#)≈≈www†P≈≈≈##
##.###P.≈≈##≈≈≈J@#≈≈≈## ##
#..≈≈≈#######≈≈≈.#
###..≈≈≈≈≈≈≈≈≈≈≈##...#
#.P#...≈≈≈≈≈≈≈≈... .....
.................... ....
..................#..##.#
#...#####..P##..#..#.## ##
#..# #..####.#..### #..
#...#


You could see 2 swamp worms, a worm and a neutral slime creature (fellow slime).

Vanquished Creatures
  An elephant (D:9)
  2 spiny frogs
  A komodo dragon (Lair:1)
  2 rime drakes (Lair:2)
  A troll (D:9)
  Sigmund (D:3)
  A wyvern (D:9)
  6 yaks (D:9)
  Menkaure (D:7)
  A porcupine (Lair:1)
  An orc warrior (D:7)
  An ice beast (D:8)
  4 sky beasts
  A black bear (D:9)
  A necrophage (D:8)
  3 ogres
  6 wolves (Lair:2)
  3 crocodiles
  3 centaurs
  4 giant frogs
  A gnoll sergeant (D:9)
  A scorpion (D:6)
  3 killer bees (D:7)
  A howler monkey (D:5)
  5 wights (D:8)
  3 hounds
  2 orc priests (D:8)
  8 orc wizards
  A giant frog skeleton (D:8)
  Terence (D:3)
  2 iguanas
  Ijyb (D:3)
  2 worker ants
  2 killer bee zombies
  2 sheep (D:9)
  9 gnolls
  A howler monkey skeleton (D:8)
  6 adders
  30 river rats
  An adder skeleton (D:4)
  8 worms
  3 dart slugs
  6 giant geckos
  14 orcs
  4 bats
  2 giant cockroaches
  5 hobgoblins
  4 quokkas
  3 ball pythons
  A giant gecko skeleton (D:5)
  4 giant newts (D:1)
  6 goblins
  4 kobolds
  A quokka zombie (D:7)
  4 rats
195 creatures vanquished.

Vanquished Creatures (others)
  2 slime creatures (D:9)
  A basilisk (Lair:1)
  Grum (D:9)
  A hippogriff (Lair:2)
  A porcupine (Lair:2)
  A necrophage (D:7)
  3 wolves (D:9)
  An eye of draining (D:8)
  A crocodile (Lair:1)
  A big kobold (D:8)
  3 giant frogs
  2 scorpions (D:4)
  Dowan (D:4)
  A killer bee (D:7)
  A hound (D:4)
  A centaur skeleton (D:4)
  25 jellies
  A giant frog skeleton (D:9)
  An iguana (D:7)
  2 worker ants
  4 orc wizards
  A killer bee zombie (D:9)
  Robin (D:4)
  A howler monkey zombie (D:5)
  2 adders (D:2)
  9 gnolls
  3 river rats (Lair:2)
  A shadow imp (D:7)
  2 oozes
  3 worms
  A giant gecko (D:5)
  15 orcs
  A bat (D:3)
  2 giant cockroaches (D:4)
  14 goblins
  7 hobgoblins
  9 jackals
  3 quokkas (D:4)
  A giant cockroach zombie (D:5)
  3 kobolds (D:8)
  A quokka zombie (D:8)
  3 fungi
  2 plants (Lair:2)
140 creatures vanquished.

Grand Total: 335 creatures vanquished

Notes
Turn   | Place    | Note
--------------------------------------------------------------
     0 | D:1      | MrRokkomies the Ghoul Monk began the quest for the Orb.
     0 | D:1      | Reached XP level 1. HP: 19/19 MP: 0/0
   383 | D:1      | Reached XP level 2. HP: 6/26 MP: 1/1
   901 | D:2      | Reached XP level 3. HP: 32/32 MP: 2/2
   932 | D:2      | Found a faded altar to an unknown god.
   941 | D:2      | Became a worshipper of Jiyva Jiyfae the Shapeless
   941 | D:2      | Reached * piety under Jiyva
   941 | D:2      | Reached ** piety under Jiyva
  1052 | D:2      | Reached skill level 5 in Unarmed Combat
  1161 | D:2      | Reached *** piety under Jiyva
  1404 | D:2      | Reached XP level 4. HP: 36/40 MP: 3/3
  1492 | D:2      | Found a glowing golden altar of the Shining One.
  1522 | D:2      | Reached **** piety under Jiyva
  1671 | D:3      | Noticed Sigmund
  1688 | D:3      | Killed Sigmund
  1688 | D:3      | Reached skill level 5 in Fighting
  1688 | D:3      | Reached skill level 6 in Unarmed Combat
  1688 | D:3      | Reached XP level 5. HP: 31/48 MP: 2/4
  1776 | D:3      | Found a burning altar of Makhleb.
  1813 | D:3      | Noticed Terence
  1821 | D:3      | Killed Terence
  1821 | D:3      | Reached XP level 6. HP: 44/56 MP: 5/5
  2032 | D:3      | Noticed Ijyb
  2041 | D:3      | Killed Ijyb
  2260 | D:3      | Found an oddly glowing altar of Pakellas.
  2365 | D:4      | Reached ***** piety under Jiyva
  2375 | D:4      | Noticed Duvessa
  2378 | D:4      | Noticed Dowan
  2386 | D:4      | Killed Dowan
  2610 | D:3      | Slimified Duvessa
  2610 | D:3      | Noticed Duvessa
  2610 | D:3      | Duvessa changed into Duvessa the jelly
  2746 | D:4      | Found a bloodstained altar of Trog.
  2980 | D:4      | Killed Robin
  3161 | D:4      | Found a staircase to the Ecumenical Temple.
  3205 | D:4      | Found a blossoming altar of Fedhas.
  3417 | D:5      | Entered Level 5 of the Dungeon
  3457 | D:5      | Reached skill level 7 in Unarmed Combat
  3595 | D:5      | Reached XP level 7. HP: 59/64 MP: 6/6
  4091 | D:5      | Found a basalt altar of Yredelemnul.
  4092 | D:5      | Found a bloodstained altar of Trog.
  4297 | D:6      | Found a burning altar of Makhleb.
  4583 | D:6      | Got a bloodstained plate armour
  4600 | D:6      | Reached skill level 8 in Unarmed Combat
  4643 | D:6      | Identified the +9 plate armour "Satwu" {rC++ MR- MP+9} (You found it on level 6 of the Dungeon)
  4678 | D:6      | Reached skill level 1 in Armour
  4678 | D:6      | Reached XP level 8. HP: 68/72 MP: 7/7
  4994 | D:6      | Found an opulent altar of Gozag.
  5185 | D:7      | Noticed Menkaure
  5297 | D:7      | Killed Menkaure
  5297 | D:7      | Reached skill level 9 in Unarmed Combat
  5342 | D:7      | Found a shattered altar of Ashenzari.
  5353 | D:7      | Reached ****** piety under Jiyva
  5697 | D:8      | Reached XP level 9. HP: 71/76 MP: 8/8
  5874 | D:8      | Reached skill level 10 in Unarmed Combat
  6112 | D:8      | Reached skill level 5 in Armour
  6747 | D:9      | Noticed a troll
  6776 | D:9      | Slimified a troll
  6776 | D:9      | a troll changed into a slime creature
  6796 | D:9      | Found a staircase to the Orcish Mines.
  6797 | D:9      | Noticed Erica
  6822 | D:9      | Slimified Erica
  6822 | D:9      | Noticed Erica
  6828 | D:9      | Noticed Grum
  6828 | D:9      | Noticed a troll
  6839 | D:9      | Killed Erica the slime creature
  6843 | D:9      | Slimified a troll
  6843 | D:9      | a troll changed into a slime creature
  6849 | D:9      | Killed Grum
  6945 | D:9      | Noticed a troll
  6964 | D:9      | Killed a troll
  7031 | D:9      | Found a staircase to the Lair.
  7124 | D:9      | Noticed an elephant
  7128 | D:9      | Killed an elephant
  7215 | D:9      | Noticed a hill giant
  7221 | D:9      | Slimified a hill giant
  7221 | D:9      | a hill giant changed into a slime creature
  7259 | D:9      | Reached XP level 10. HP: 91/91 MP: 9/9
  7384 | D:9      | Reached skill level 10 in Fighting
  7506 | D:10     | Entered Level 10 of the Dungeon
  7572 | Lair:1   | Entered Level 1 of the Lair of Beasts
  7703 | Lair:1   | Learned a level 1 spell: Magic Dart
  7789 | Lair:1   | Noticed a spiny frog
  7790 | Lair:1   | Noticed a black mamba
  7792 | Lair:1   | Slimified a black mamba
  7792 | Lair:1   | a black mamba changed into a jelly
  7815 | Lair:1   | Killed a spiny frog
  7939 | Lair:1   | Noticed Gastronok
  7955 | Lair:1   | Slimified Gastronok
  7955 | Lair:1   | Noticed Gastronok
  7955 | Lair:1   | Gastronok changed into Gastronok the acid blob
  8544 | Lair:2   | Reached skill level 11 in Unarmed Combat
  8552 | Lair:2   | Noticed a spiny frog
  8577 | Lair:2   | Killed a spiny frog
  9004 | Lair:2   | Reached XP level 11. HP: 68/99 MP: 10/10
  9127 | Lair:2   | HP: 2/99 [worm (6)]
  9129 | Lair:2   | Mangled by a swamp worm

Vault maps used:
D:1:      lightli_arrival_lavapool
D:2:      nicolae_tso_carved_into_rock, ecumenical_altar_1, first_bread,
          amalloy_card_club
D:3:      kennysheep_goblin_castle, old_standard_altar,
          nicolae_overflow_crystal_walls, uniq_terence, uniq_sigmund
D:4:      lemuel_crystal_altar, minmay_temple_entry_fiery, bloody_trog,
          uniq_duvessa, uniq_robin
D:5:      gammafunk_temple_overflow_statue
D:6:      basic_altar, grunt_gozag_breadcrumbs
D:7:      evilmike_ruin_ashenzari, serial_corexii_hall, corexii_hall_statues_i,
          corexii_hall_statues_i, uniq_menkaure
D:9:      david_lair_generic, orc_0_dummy, grunt_ogre_cave, uniq_grum,
          uniq_erica
Lair:1:   grunt_megastairs_3, uniq_gastronok
Lair:2:   worms_lemuel

Skill      XL: |  1  2  3  4  5  6  7  8  9 10 |
---------------+-------------------------------+-----
Fighting       | 4 5 6 7 9 10 | 10.0
Unarmed Combat | 5 6 7 8 9 10 11 | 11.6
Armour         | 1 4 6 9 |  9.1
Dodging        | |  2.6
Stealth        | |  2.1

Action                   |  1- 3 |  4- 6 |  7- 9 | 10-12 || total
-------------------------+-------+-------+-------+-------++-------
Melee: Unarmed           |    86 |   126 |   481 |   327 ||  1020
Throw: Javelin           |       |       |     1 |       ||     1
Invok: Request Jelly     |       |     3 |       |     1 ||     4
       Slimify           |       |     1 |     5 |     3 ||     9
  Use: Scroll            |       |     7 |     5 |     5 ||    17
       Potion            |       |     2 |       |     4 ||     6
  Eat: Chunk             |     6 |    10 |    12 |     7 ||    35
